Map: Orbital Shipyard

Players

Honor - Winner!

  • Race: Protoss Protoss
  • League: Master

A.I. 1 (Elite)

  • Race: Terran Terran

VOD

Have the link to the VOD?

Description

Time

  • Played on: Nov. 21, 2015, 1:23 p.m.
  • Length: 4:13
Show
View Real Time Build Order
Export as new Build Order

Honor Protoss - Winner!

Build Orders: Mass Adepts 

Get SALT Encoding   

  12  0:01  Probe (Chrono Boost)  
  13  0:11  Probe (Chrono Boost)  
  14  0:18  Pylon  
  14  0:22  Probe (Chrono Boost)  
  15  0:36  Probe (Chrono Boost)  
  15  0:37  Gateway  
  16  0:46  Probe (Chrono Boost), Assimilator  
  17  0:57  Probe (Chrono Boost)  
  18  1:05  Gateway  
  18  1:09  Probe (Chrono Boost)  
  19  1:25  Cybernetics Core  
  19  1:26  Zealot (Chrono Boost)  
  19  1:30  Pylon  
  21  1:46  Gateway  
  21  2:02  Adept (Chrono Boost)  
  21  2:06  Adept (Chrono Boost)  
  25  2:10  Mothership Core  
  27  2:16  Gateway  
  27  2:26  Adept (Chrono Boost)  
  27  2:29  Pylon  
  31  2:39  Adept (Chrono Boost)  
  31  2:51  Adept (Chrono Boost)  
  33  2:52  Pylon  
  33  2:57  Adept (Chrono Boost)  
  37  3:07  Adept (Chrono Boost)  
  37  3:12  Pylon  
  37  3:19  Adept (Chrono Boost)  
  39  3:24  Adept (Chrono Boost)  
  41  3:31  Pylon  
  43  3:42  Adept (Chrono Boost)  
  45  3:50  Adept (Chrono Boost)  
Show
View Real Time Build Order
Export as new Build Order

A.I. 1 (Elite) Terran 

Build Orders:  

Get SALT Encoding   

  12  0:00  SCV  
  13  0:13  SCV  
  14  0:20  Supply Depot  
  14  0:25  SCV  
  15  0:41  SCV  
  16  0:46  Barracks  
  16  0:54  SCV  
  17  1:06  SCV  
  18  1:18  Supply Depot, SCV  
  19  1:21  Refinery  
  19  1:30  SCV  
  20  1:34  Marine  
  21  1:42  SCV  
  22  1:50  Refinery  
  22  1:52  Marine  
  23  1:54  SCV  
  24  2:06  SCV  
  25  2:10  Marine  
  26  2:18  SCV  
  26  2:20  Factory  
  27  2:27  Marine  
  28  2:30  SCV  
  28  2:31  Barracks  
  29  2:42  SCV  
  30  2:45  Marine  
  30  2:46  Supply Depot  
  31  2:55  Orbital Command  
  31  3:04  Barracks Tech Lab  
  31  3:05  Starport  
  31  3:08  Supply Depot  
  31  3:17  Marine  
  32  3:21  Marine  
  32  3:30  Hellion  
  31  3:36  Barracks Tech Lab  
  31  3:39  Marine  
  29  3:51  Hellion  
  29  3:53  Supply Depot  
  29  3:54  Marine  
Tags
 
Add a new tag
Caveats
  • Supply blocks, unpowered buildings, or Contaminate may cause inaccurate times.
  • Supply counts are checked every 10 seconds.